 Dungeon Crawl Stone Soup version 0.27-a0-660-g90476cec82 (webtiles) character file.

Game seed: 2265009863362030907

152 jasper the Chopper (level 5, -1/42 HPs)
             Began as a Human Wanderer on Mar 16, 2021.
             Was an Initiate of Kikubaaqudgha.
             Slain by a gnoll shaman
             ... wielding a +0 club
              (7 damage)
             ... on level 3 of the Dungeon.
             The game lasted 00:05:10 (3159 turns).

jasper the Chopper (Human Wanderer)                 Turns: 3159, Time: 00:05:10

Health: -1/42      AC:  7    Str: 12    XL:     5   Next: 60%
Magic:  5/5        EV:  8    Int: 14    God:    Kikubaaqudgha [......]
Gold:   149        SH:  0    Dex: 12    Spells: 4/4 levels left

rFire    . . .     SeeInvis .   l - +0 hand axe
rCold    . . .     Faith    .   (no shield)
rNeg     . . .     Spirit   .   o - +0 scale mail
rPois    .         Reflect  .   (no helmet)
rElec    .         Harm     .   (no cloak)
rCorr    .         Rampage  .   (no gloves)
Will     .....                  g - +0 pair of boots
Stlth    ..........             m - amulet of regeneration
HPRegen  1.14/turn              (no ring)
MPRegen  0.09/turn              (no ring)

@: hasted, very quick
A: no striking features
a: Renounce Religion


You were on level 3 of the Dungeon.
You worshipped Kikubaaqudgha.
Kikubaaqudgha was noncommittal.
You visited 1 branch of the dungeon, and saw 4 of its levels.

You collected 149 gold pieces.

Inventory:

Hand Weapons
 a - a +0 mace
 j - a +0 hunting sling
 l - a +0 hand axe (weapon)
Missiles
 f - 48 arrows
 h - a boomerang (quivered)
 k - 160 stones
Armour
 d - a +0 robe
 g - a +0 pair of boots (worn)
 o - a +0 scale mail (worn)
Jewellery
 m - an amulet of regeneration (around neck)
 p - a ring of flight
 q - an amulet of reflection
Wands
 r - a wand of paralysis (4)
Scrolls
 b - a scroll of blinking
 c - a scroll of teleportation
 e - 2 scrolls of identify {unknown}
 n - a scroll of enchant weapon {unknown}
 u - a scroll of fog {unknown}
Potions
 i - a potion of brilliance
 v - a potion of degeneration {unknown}
 w - 2 potions of flight {unknown}


   Skills:
 - Level 4.0 Fighting
 * Level 4.3(5.0) Axes
 - Level 3.6(4.6) Maces & Flails
 - Level 1.0 Dodging
 - Level 1.0 Shields
 - Level 1.0 Evocations


You had 4 spell levels left.
You didn't know any spells.
Your spell library was empty.

Dungeon Overview and Level Annotations

Branches:
Dungeon (4/15)
 Temple: D:4-7

Altars:
Hepliaklqana
Kikubaaqudgha


Message History

You take 6 damage, and have 15/42 hp.
You barely miss the gnoll shaman.
The gnoll shaman is severely wounded.
The gnoll shaman hits you with a +0 club.
* * * LOW HITPOINT WARNING * * *
You take 3 damage, and have 12/42 hp.
Okay, then.
You hit the gnoll shaman but do no damage.
The gnoll shaman is severely wounded.
The gnoll shaman hits you but does no damage.
You closely miss the gnoll shaman.
The gnoll shaman is severely wounded.
The gnoll shaman hits you with a +0 club.
* * * LOW HITPOINT WARNING * * *
You take 1 damage, and have 12/42 hp.
You hit the gnoll shaman.
The gnoll shaman is almost dead.
The gnoll shaman mumbles some strange prayers to its god.
The gnoll shaman is healed somewhat.
You hit the gnoll shaman.
The gnoll shaman is severely wounded.
The gnoll shaman misses you.
You hit the gnoll shaman but do no damage.
The gnoll shaman is severely wounded.
The gnoll shaman hits you with a +0 club.
* * * LOW HITPOINT WARNING * * *
You take 3 damage, and have 11/42 hp.
You hit the gnoll shaman but do no damage.
The gnoll shaman is severely wounded.
The gnoll shaman hits you with a +0 club.
* * * LOW HITPOINT WARNING * * *
Okay, then.
It was a potion of cancellation.
You feel magically purged.
The gnoll shaman hits you with a +0 club!
* * * LOW HITPOINT WARNING * * *
You take 7 damage, and have 5/42 hp.
It was a potion of haste.
You feel yourself speed up.
The gnoll shaman hits you with a +0 club!
You die...
Kikubaaqudgha rasps: "You have failed me!
Welcome... death!"

#.#### #########
#.# #.......# #.#
#....##.# #.#
##.....#.#######.#
#................#
##.....#.######>.##
#...)##.# ##...##
#.g@....# #.....#
###.##### ##...###
#.# #...#### #.#
#....... #.#
#...#### #.##
###'## # #..#
##...## ##.##
##.....## #...##
##.......#


You could see a gnoll shaman.

Vanquished Creatures
  A hound (D:4)
  An orc wizard (D:3)
  A gnoll (D:3)
  3 adders (D:3)
  3 worms
  2 dart slugs (D:1)
  3 orcs (D:3)
  2 bats
  4 giant cockroaches
  4 goblins
  8 hobgoblins
  4 jackals (D:3)
  A quokka (D:2)
  A ball python (D:1)
  2 frilled lizards
  4 kobolds
  4 rats
48 creatures vanquished.

Notes
Turn   | Place    | Note
-------+----------+-------------------------------------------
     0 | D:1      | jasper the Human Wanderer began the quest for the Orb.
     0 | D:1      | jasper set off with the following items: a +0 mace, a wand
                  | of flame (15), a scroll of teleportation, a +0 robe
     0 | D:1      | Reached XP level 1. HP: 19/19 MP: 1/1
    73 | D:1      | Reached XP level 2. HP: 25/25 MP: 2/2
   669 | D:1      | Reached skill level 1 in Axes
   744 | D:1      | Reached XP level 3. HP: 27/30 MP: 3/3
  1459 | D:2      | Noticed a phantom
  1747 | D:3      | Reached XP level 4. HP: 25/37 MP: 4/4
  2372 | D:3      | Reached XP level 5. HP: 41/42 MP: 5/5
  2903 | D:4      | Found an ancient bone altar of Kikubaaqudgha.
  2909 | D:4      | Became a worshipper of Kikubaaqudgha
  2959 | D:4      | Found a hazy altar of Hepliaklqana.
  3159 | D:3      | Slain by a gnoll shaman

Illustrated notes

Levels and vault maps discovered:
D:1:      minmay_arrival_doors, layout_basic
D:2:      layout_rooms, chequers_ecumenical_altar_simple_redux
D:3:      layout_loops_corners, portal_sewer_entry_d
D:4:      layout_gridville, nicolae_kikubaaqudgha_miasma_corner,
          old_standard_altar, serial_shops, shop

Skill      XL: |  1  2  3  4  5 |
---------------+----------------+-----
Axes           | 1 2 3 4 |  4.3
Fighting       | |  4.0
Maces & Flails | |  3.6
Dodging        | |  1.0
Shields        | |  1.0
Evocations     | |  1.0

Action                   |  1- 3 |  4- 6 || total
-------------------------+-------+-------++-------
Melee: Mace              |    23 |       ||    23
       Hand axe          |    69 |   127 ||   196
 Fire: Hunting sling     |    18 |       ||    18
Throw: Boomerang         |    24 |    11 ||    35
Evoke: Wand              |    15 |     2 ||    17
  Use: Scroll            |     1 |     1 ||     2
       Potion            |       |     6 ||     6
 Stab: Paralysed         |       |     9 ||     9
Armor: Robe              |    17 |     1 ||    18
       Skin              |       |    39 ||    39
       Scale mail        |       |    17 ||    17
Dodge: Dodged            |    60 |    29 ||    89

Table legend: (Time is in decaauts)
 A = Elapsed time spent in this place.
 B = Non-inter-level travel time spent in this place.
 C = Inter-level travel time spent in this place.
 D = Time resting spent in this place.
 E = Time spent auto-exploring this place.
 F = Levels seen in this place.
 G = Mean time per level.
                   A        B        C        D        E       F      G
               +--------+--------+--------+--------+--------+-----+--------+
         Total |   3207 |   3035 |    172 |    277 |   2050 |   4 |  801.8 |
       Dungeon |   3207 |   3035 |    172 |    277 |   2050 |   4 |  801.8 |
               +--------+--------+--------+--------+--------+-----+--------+

Top non-repeatable levels by time:
     D:1: 1432 daAuts
     D:3: 1371 daAuts
     D:2: 261 daAuts
     D:4: 142 daAuts
